AoeStats
← Blazing Cartesia, The Virtuous

Arabia

509976388Analyzed
1v1 RM · 3d ago on Sep 28, 2026· 36m 22s· 2 players
Game mode
Random Map
Map size
Tiny (2 player)
Population
200
Speed
Normal
Resources
Standard
Victory
Conquest
Starting age
Dark Age
Ending age
Imperial Age
RankedLock teamsTeams togetherTeam positionsShared explorationLock speedFull tech treeHidden civsTurbo modeCheats
Victory
Defeat
1235
+14
🇨🇴 Slavs · Colombia
1200
-14
3DIQ | XSaDcX
6:10 Loom
8:58 Feudal Age
9:31 Double-Bit Axe
19:49 Horse Collar
20:21 Forging
22:36 Castle Age
21:00 Man-at-Arms
21:41 Scale Mail Armor
22:14 Gold Mining
23:10 Pikeman
25:03 Iron Casting
24:55 Squires
24:52 Long Swordsman
25:49 Chain Mail Armor
25:41 Stone Mining
33:02 Gold Shaft Mining
33:45 Wheelbarrow
33:29 Bow Saw
36:14 Hand Cart
Blazing Cartesia, The Virtuous
4:48 Loom
9:07 Feudal Age
9:32 Double-Bit Axe
12:24 Horse Collar
17:15 Wheelbarrow
20:40 Castle Age
18:44 Gold Mining
19:52 Bloodlines
21:53 Heavy Plow
22:05 Bow Saw
23:05 Forging
24:01 Scale Barding Armor
26:22 Gold Shaft Mining
25:44 Fletching
26:17 Crossbowman
27:37 Ballistics
27:28 Squires
28:32 Bodkin Arrow
29:56 Hand Cart
32:38 Thumb Ring
36:24 Imperial Age
34:07 Stone Mining
36:36 Iron Casting
36:57 Murder Holes
Connection lost

Rejoining the realm…

Still unreachable

The connection could not be restored.

Session expired

The server has moved on; the page needs a fresh start.